cohdb
Replays
Latest Replays
All Replays
Popular Replays
Top Player Replays
Match Explorer
How It Works
Community
CoH3 Stats
Reddit
Sign in to upload your games and track your stats! →
Sign in with Steam
Match 45860604
Unlisted
Match 45860604
Overview
Messages
Build Orders
End
Royal Engineer Section
Construct Section Command Post
Infantry Section
Infantry Section
Construct Field Infirmary
Infantry Section
Construct Platoon Command Post
Humber Armored Car
Infantry Section
Grenade Package
6-pounder Anti-tank Gun Team
Vickers Machine Gun Team
6-pounder Anti-tank Gun Team
Vickers Machine Gun Team
Nico-Nico-Nii~~
givemeadrinkbartender
0
0
Comments
sign in to comment!
No comments posted yet!